 Dungeon Crawl Stone Soup version 0.22-a0-448-g1fb7470 (webtiles) character file.

3413 iamserjio the Covert (level 10, -5/69 HPs)
             Began as an Octopode Assassin on June 4, 2018.
             Was an Initiate of Gozag.
             Killed by nerve-wracking pain
             ... invoked by a shadow imp
              (10 damage)
             ... on level 8 of the Dungeon.
             The game lasted 00:16:50 (8858 turns).

iamserjio the Covert (Octopode Assassin)            Turns: 8858, Time: 00:16:51

Health: -5/69      AC:  1    Str: 11    XL:     10   Next: 5%
Magic:  10/10      EV: 23    Int: 14    God:    Gozag
Gold:   777        SH:  0    Dex: 21    Spells: 9/9 levels left

rFire    + . .     SeeInvis .   l - +6 dagger (flame)
rCold    . . .     Gourm    .   (no shield)
rNeg     . . .     Faith    .   (helmet restricted)
rPois    .         Spirit   .   (no amulet)
rElec    .         Reflect  .   u - ring of protection from fire
rCorr    .         Harm     .   (no ring)
MR       .....                  (no ring)
Stlth    ++++++....             (no ring)
HPRegen  0.21/turn              (no ring)
MPRegen  0.12/turn              (no ring)
                                (no ring)
                                (no ring)

@: agile, very slightly contaminated, invisible
A: almost no armour, stealthy swim, amphibious, 8 rings, constrict 8, camouflage
1, gelatinous body 1
a: Potion Petition, Call Merchant, Bribe Branch, Renounce Religion


You were on level 8 of the Dungeon.
You worshipped Gozag.
Gozag was pleased with you.
You were not hungry.

You visited 1 branch of the dungeon, and saw 8 of its levels.

You collected 990 gold pieces.
You spent 135 gold pieces at shops.
You paid 78 gold pieces to Gozag.

Inventory:

Hand Weapons
 b - a +0 blowgun
 l - a +6 dagger of flaming (weapon)
 C - a +2 dagger
 D - a +2 long sword
Missiles
 a - 8 javelins
 c - 8 poisoned needles
 d - 7 curare-tipped needles
 m - 124 stones (quivered)
 A - a throwing net
Armour
 G - a +0 large shield
Jewellery
 u - a ring of protection from fire (left tentacle)
Wands
 y - a wand of polymorph (11)
Scrolls
 h - 5 scrolls of teleportation
 i - 2 scrolls of immolation
 j - a scroll of magic mapping {unknown}
 o - a scroll of identify
 p - 4 scrolls of random uselessness
 r - 4 scrolls of remove curse
 B - a scroll of vulnerability {unknown}
 F - 2 scrolls of enchant armour {unknown}
 H - a scroll of acquirement {unknown}
 I - a scroll of holy word {unknown}
 J - a scroll of fog {unknown}
 K - a scroll of amnesia {unknown}
Potions
 e - 3 potions of resistance
 g - 2 potions of might
 k - 4 potions of heal wounds
 n - 3 potions of mutation
 t - a potion of brilliance {unknown}
 v - 4 potions of curing
 w - a potion of ambrosia {unknown}
 x - a potion of lignification {unknown}
 z - 2 potions of agility {unknown}
 E - a potion of flight {unknown}
Comestibles
 f - 10 rations


   Skills:
 + Level 6.4 Fighting
 - Level 8.0 Short Blades
 - Level 2.0 Throwing
 - Level 6.0 Dodging
 - Level 8.0 Stealth
 * Level 6.4 Shields


You had 9 spell levels left.
You didn't know any spells.
Your spell library was empty.

Dungeon Overview and Level Annotations

Branches:
Dungeon (8/15)             Temple (0/1) D:4
   Lair: D:8-11

Altars:
Ashenzari
Fedhas
Gozag
Okawaru
Sif Muna
Trog
Vehumet
Xom

Shops:
D:6 *

Annotations:
D:3 aaksess's ghost, amateur DEWz


Innate Abilities, Weirdness & Mutations

You cannot wear most types of armour.
You are very stealthy in the water. (Stealth+)
You are amphibious.
You can wear up to eight rings at the same time.
You can use your tentacles to constrict eight enemies at once.
Your skin changes colour to match your surroundings (Stealth+).
Your rubbery body absorbs attacks. (AC +1, EV +1)


Message History

You hit the two-headed ogre but do no damage.
The two-headed ogre is almost dead.
You hit the two-headed ogre. You burn the two-headed ogre.
You squeeze the two-headed ogre, but do no damage.
The two-headed ogre is almost dead.
The two-headed ogre hits you with a giant club!! x2
* * * LOW HITPOINT WARNING * * *
Evoke which item? (* to show all) (? for menu, Esc to quit)
Okay, then.
Okay, then. [a] - 0 gold - haste and flight [b] - 0 gold - heal wounds, curing and magic [c] - 0 gold - invisibility and agility Purchase which effect?
You fade into invisibility!
You feel agile all of a sudden.
You are very lightly contaminated with residual magic.
The shadow imp gestures at you. Pain shoots through your body!
You die...
Your body crumbles into a pile of gold.

#...# .# ##.#.#
...####.######.#.######.
≈....##.##.......>......
≈≈≈≈...........#.######.
≈≈#≈.##.##.##...........
#≈≈≈.##.##.##.##.#######
≈≈≈..##.##.##.##.#
≈#≈..............#
≈≈≈^.##...).)...@####
≈≈...#####.##.#....5######.#
#≈.#.# #.##.#####O.......#
≈≈...# #..#.....$....###.#
..[..# ##.#.########.#
####.# .#.# #.# #.# .#.# #.#
#.# .# ... #.# #.#


You could see a two-headed ogre (wandering) and a shadow imp.

Vanquished Creatures
  A two-headed ogre (D:8)
  A hippogriff (D:7)
  A spriggan (D:7)
  2 sky beasts
  A phantom (D:7)
  2 orc warriors
  3 ogres
  A centaur (D:6)
  A bullfrog (D:7)
  2 scorpions
  5 killer bees (D:7)
  7 wights (D:6)
  4 crimson imps
  A centaur zombie (D:5)
  A lava snake (D:8)
  A bullfrog skeleton (D:7)
  2 orc priests
  3 hounds
  A jelly (D:7)
  5 orc wizards
  4 worker ants
  2 hound skeletons
  9 adders
  8 gnolls
  A shadow imp (D:7)
  2 oozes
  4 worms
  A dart slug (D:2)
  5 leopard geckos
  17 orcs
  5 giant cockroaches
  5 hobgoblins
  5 jackals
  5 quokkas
  A ball python (D:3)
  6 bats
  4 frilled lizards
  5 goblins
  A jackal skeleton (D:5)
  A jackal zombie (D:5)
  11 kobolds
  A leopard gecko skeleton (D:5)
  7 rats
155 creatures vanquished.

Notes
Turn   | Place    | Note
-------+----------+-------------------------------------------
     0 | D:1      | iamserjio the Octopode Assassin began the quest for the Orb.
     0 | D:1      | Reached XP level 1. HP: 14/14 MP: 1/1
   623 | D:2      | Reached XP level 2. HP: 19/19 MP: 2/2
   762 | D:2      | Reached XP level 3. HP: 24/24 MP: 3/3
   769 | D:2      | Reached XP level 4. HP: 30/30 MP: 4/4
  1287 | D:2      | Found an iron altar of Okawaru.
  1568 | D:3      | Reached XP level 5. HP: 26/36 MP: 5/5
  1600 | D:3      | Noticed aaksess's ghost (amateur DEWz)
  2127 | D:3      | Found a bloodstained altar of Trog.
  2483 | D:4      | Noticed an ogre
  2488 | D:4      | Found an opulent altar of Gozag.
  2496 | D:4      | Became a worshipper of Gozag Ym Sagoz the Greedy
  2550 | D:4      | Reached XP level 6. HP: 41/42 MP: 6/6
  2679 | D:4      | Reached XP level 7. HP: 24/47 MP: 7/7
  2845 | D:4      | Found a shattered altar of Ashenzari.
  2930 | D:4      | Found a staircase to the Ecumenical Temple.
  3163 | D:5      | Entered Level 5 of the Dungeon
  3205 | D:5      | Reached skill level 5 in Short Blades
  3382 | D:5      | Found a radiant altar of Vehumet.
  3410 | D:5      | Found a shimmering altar of Xom.
  5018 | D:6      | Found Biylontoj's Assorted Antiques.
  5709 | D:6      | Reached XP level 8. HP: 36/54 MP: 8/8
  6175 | D:6      | Reached skill level 1 in Shields
  6751 | D:6      | Bought a scroll labeled YFYMNY CAYJ for 23 gold pieces
  6751 | D:6      | Bought a scroll labeled REMUDE KEOCZO for 23 gold pieces
  6751 | D:6      | Bought a scroll labeled SOCUSOLOANK for 23 gold pieces
  6751 | D:6      | Bought a viscous golden potion for 20 gold pieces
  6751 | D:6      | Bought a scroll labeled HYTASY ZATTIU for 23 gold pieces
  6751 | D:6      | Bought a scroll labeled GYIRHESEEN for 23 gold pieces
  7073 | D:7      | Reached skill level 5 in Fighting
  7100 | D:7      | Noticed a hippogriff
  7114 | D:7      | Killed a hippogriff
  7330 | D:7      | Reached XP level 9. HP: 55/61 MP: 9/9
  7592 | D:7      | Reached skill level 5 in Dodging
  8417 | D:7      | Found a deep blue altar of Sif Muna.
  8526 | D:7      | Found a blossoming altar of Fedhas.
  8693 | D:8      | Reached skill level 5 in Shields
  8732 | D:8      | Noticed a two-headed ogre
  8736 | D:8      | Killed a two-headed ogre
  8736 | D:8      | Reached XP level 10. HP: 69/69 MP: 10/10
  8840 | D:8      | Noticed a two-headed ogre
  8850 | D:8      | HP: 3/69 [two-headed ogre/giant club (21)]
  8858 | D:8      | Killed from afar by a shadow imp

Vault maps used:
D:1:      minmay_arrival_hallway, minmay_tromino_v4_c
D:2:      minmay_door_path, marbit_many_paths, kennysheep_decorative_pillar
D:3:      nicolae_overflow_crystal_walls, first_ration,
          nicolae_tso_swordbearing_angel
D:4:      grunt_gozag_breadcrumbs, lemuel_crystal_altar,
          minmay_temple_entry_mist
D:5:      vehumet_crystals, xom_teletrap_fun
D:6:      serial_shops, shop
D:7:      lemuel_blue_sif_altar, kennysheep_mini, the_bakery
D:8:      nicolae_lava_and_water

Skill      XL: |  1  2  3  4  5  6  7  8  9 10 |
---------------+-------------------------------+-----
Short Blades   | 3 4 5 7 8 |  8.0
Dodging        | 2 3 4 5 6 |  6.0
Stealth        | 6 7 8 |  8.0
Fighting       | 3 4 5 6 |  6.4
Shields        | 3 6 |  6.4
Throwing       | |  2.0

Action                   |  1- 3 |  4- 6 |  7- 9 | 10-12 || total
-------------------------+-------+-------+-------+-------++-------
Melee: Dagger            |    22 |   134 |   205 |    17 ||   378
       Constrict         |     3 |    28 |    36 |     2 ||    69
       Tentacles         |     1 |    19 |    35 |     3 ||    58
Throw: Stone             |       |       |     5 |       ||     5
Invok: Potion Petition   |       |       |       |     1 ||     1
Evoke: Wand              |       |       |     2 |       ||     2
  Use: Scroll            |       |       |    16 |       ||    16
       Potion            |       |       |     1 |       ||     1
 Stab: Sleeping          |     8 |    26 |    21 |     2 ||    57
       Distracted        |       |     1 |     1 |       ||     2
  Eat: Chunk             |       |     5 |       |       ||     5
       Ration            |       |       |     5 |     1 ||     6
Armor: Skin              |       |     3 |     3 |       ||     6
Dodge: Dodged            |    11 |    59 |    90 |    10 ||   170

Table legend:
 A = Spawn XP
 B = Non-spawn XP
 C = Spawn XP percentage of total XP
 D = Spawn monster count
 E = Non-spawn monster count
 F = Spawn count percentage of total count
 G = Total turns spent on level
                    A         B        C        D         E        F      G
               +---------+---------+-------+---------+---------+-------+---------
         Total |       0 |    4877 |   0.0 |       0 |     155 |   0.0 |  8858
               +---------+---------+-------+---------+---------+-------+---------
           D:1 |       0 |       9 |   0.0 |       0 |       8 |   0.0 |   605
           D:2 |       0 |     137 |   0.0 |       0 |      27 |   0.0 |   893
           D:3 |       0 |     105 |   0.0 |       0 |      33 |   0.0 |   705
           D:4 |       0 |     420 |   0.0 |       0 |      11 |   0.0 |  1148
           D:5 |       0 |     213 |   0.0 |       0 |      16 |   0.0 |  2059
           D:6 |       0 |     726 |   0.0 |       0 |      12 |   0.0 |  1388
           D:7 |       0 |    1901 |   0.0 |       0 |      37 |   0.0 |  1881
           D:8 |       0 |    1366 |   0.0 |       0 |      11 |   0.0 |   179
               +---------+---------+-------+---------+---------+-------+---------
